 Dungeon Crawl Stone Soup version 0.26-a0-663-g36e8fdb655 (webtiles) character file.

Game seed: 12465523520500412057

9442 Grim the Destroyer (level 11, -2/62 HPs)
             Began as a Deep Elf Conjurer on Oct 11, 2020.
             Was a Follower of Vehumet.
             Slain by a boulder beetle (19 damage)
             ... on level 2 of the Lair of Beasts.
             The game lasted 00:51:20 (12609 turns).

Grim the Destroyer (Deep Elf Conjurer)             Turns: 12609, Time: 00:51:21

Health: -2/62      AC: 10    Str:  4    XL:     11   Next: 23%
Magic:  17/17      EV: 16    Int: 27    God:    Vehumet [*.....]
Gold:   973        SH:  0    Dex: 13    Spells: 2/16 levels left

rFire    . . .     SeeInvis .   p - +1 quarterstaff
rCold    + . .     Faith    .   (shield currently unavailable)
rNeg     + . .     Spirit   .   y - +2 robe {rN+}
rPois    .         Reflect  .   x - +0 helmet
rElec    .         Harm     .   F - +2 cloak
rCorr    .         Rampage  .   (no gloves)
MR       +....                  (no boots)
Stlth    ++........             e - amulet of magic regeneration
HPRegen  0.20/turn              b - +4 ring of slaying
MPRegen  0.40/turn              I - ring of wizardry

@: no status effects
A: yellow scales 1, cold resistance 1, MP-powered wands
a: Renounce Religion


You were on level 2 of the Lair of Beasts.
You worshipped Vehumet.
Vehumet was aware of your devotion.
You visited 3 branches of the dungeon, and saw 11 of its levels.
You also visited: Ossuary.

You collected 973 gold pieces.

Inventory:

Hand Weapons
 p - a +1 quarterstaff (weapon)
 z - a +0 long sword
Missiles
 n - 84 poisoned darts (quivered)
 o - 24 boomerangs
 H - 6 javelins
 R - a throwing net
Armour
 u - a +0 cloak
 x - a +0 helmet (worn)
 y - a +2 robe of positive energy (worn)
 F - a +2 cloak (worn)
Magical Staves
 N - an uncursed staff of fire
 Q - an uncursed staff of air
Jewellery
 a - an uncursed ring of ice
 b - a +4 ring of slaying (left hand)
 c - an uncursed ring of see invisible
 e - an amulet of magic regeneration (around neck)
 r - an uncursed amulet of the acrobat
 D - an uncursed amulet of faith
 I - a ring of wizardry (right hand)
 K - an uncursed ring of protection from fire
Wands
 E - a wand of polymorph (8)
 L - a wand of random effects (19)
 M - a wand of disintegration (10)
Scrolls
 d - 3 scrolls of enchant weapon
 g - 2 scrolls of immolation {unknown}
 j - 3 scrolls of amnesia {unknown}
 l - 5 scrolls of remove curse
 q - a scroll of summoning {unknown}
 t - 3 scrolls of teleportation
 G - a scroll of enchant armour
 J - a scroll of fog {unknown}
 O - 2 scrolls of identify
 P - a scroll of acquirement {unknown}
 S - a scroll of magic mapping
Potions
 f - a potion of invisibility {unknown}
 h - 2 potions of heal wounds
 i - 4 potions of flight
 k - 2 potions of brilliance
 m - 6 potions of curing
 s - a potion of degeneration {unknown}
 v - a potion of berserk rage {unknown}
 w - a potion of lignification
 A - a potion of might
 B - 4 potions of stabbing
 C - 2 potions of mutation {!q}


   Skills:
 + Level 4.5 Fighting
   Level 3.7(3.9) Short Blades
 - Level 1.2(2.5) Long Blades
 - Level 5.4 Staves
 - Level 7.8 Dodging
 - Level 2.4 Stealth
 - Level 3.0 Spellcasting
 * Level 13.6 Conjurations
 - Level 5.1 Hexes
 - Level 4.8 Translocations


You had 2 spell levels left.
You knew the following spells:

 Your Spells              Type           Power        Failure   Level
a - Magic Dart            Conj           ####         1%          1
b - Searing Ray           Conj           ######       1%          2
c - Fulminant Prism       Conj/Hex       ######....   1%          4
d - Dazzling Flash        Conj/Hex       ######       1%          3
e - Iskenderun's Mystic   Conj/Tloc      ######..     1%          4

Your spell library contained the following spells:

 Spells                   Type           Power        Failure   Level
 Sandblast                Erth           #.....       3%          1
 Corona                   Hex            ####...      1%          1
 Ensorcelled Hibernation  Hex/Ice        ###...       1%          2
 Beastly Appendage        Tmut           #.....       3%          1
 Wereblood                Tmut           #.......     5%          2
 Confusing Touch          Hex            ####....     1%          3
 Tukima's Dance           Hex            ####....     1%          3
 Spider Form              Tmut/Pois      #.........   11%         3
 Ice Form                 Ice/Tmut       #.......     32%         4
 Blade Hands              Tmut           #.........   65%         5


Dungeon Overview and Level Annotations

Branches:
Dungeon (8/15)             Temple (1/1) D:5            Lair (2/6) D:8
Ossuary (visited)
  Swamp: Lair:2-4    Shoals: Lair:2-4     Snake: Lair:2-4    Spider: Lair:2-4

Altars:
Ashenzari
Cheibriados
Dithmenos
Elyvilon
Fedhas
Gozag
Hepliaklqana
Kikubaaqudgha
Makhleb
Nemelex Xobeh
Okawaru
Qazlal
Ru
Sif Muna
Trog
Uskayaw
Vehumet
Wu Jian
Xom
Yredelemnul
Zin
The Shining One

Annotations:
D:8 Gastronok
Lair:1 1 runed translucent door, Ratroh's ghost, journeyman OpVM


Innate Abilities, Weirdness & Mutations

You are partially covered in yellow scales. (AC +2)
Your flesh is cold resistant. (rC+)
You expend magic power (3 MP) to strengthen your wands.


Message History

You climb downwards.
There is a stone staircase leading up here.
You see here a black mamba skeleton.
You see here a water moccasin skeleton.
A boulder beetle is nearby!
Casting: Magic Dart (safe; 1% risk of failure)
Confirm with . or Enter, or press ? or * to list all spells.
Aiming: Magic Dart (safe; 1% risk of failure)
Press: ? - help, Shift-Dir - straight line, f - boulder beetle
Aim: a boulder beetle (wandering, hasn't noticed you)
The magic dart hits the boulder beetle but does no damage.
The boulder beetle curls into a ball and begins rolling!
The boulder beetle hits you!!!
Ouch! That really hurt!
* * * LOW HITPOINT WARNING * * *
The boulder beetle stops rolling and uncurls.
You see here a black mamba skeleton.
The boulder beetle curls into a ball and begins rolling!
The boulder beetle hits you!!
You die...

##.# ##...#P#....P... #..#
##..####.P..###. ##.###..##
##....# # ##..###.#
##...###. #...# #.##
##..).... #..## #<.#
#........ ##.# ##..#
#####..##..
#.###..#.#P#######†..
.P.#####.P.@#......P.##P.###
..........B####...........##
..#......#○# #...#P####...
##.##.##○######.## ##.#.
#.#####°#○..#..## ##..P.
#..$....(.......####.....
..#......##B##.#.........
...####..#####........... ..
#!..# #...##..P...


You could see a boulder beetle.

Vanquished Creatures
  Harold (Lair:1)
  A torpor snail (Lair:1)
  2 black mambas
  A cane toad (Lair:2)
  4 komodo dragons (Lair:1)
  A rime drake (Lair:2)
  Grinder (D:3)
  Sigmund (D:5)
  A wyvern (D:8)
  6 yaks (Lair:1)
  2 basilisks (D:8)
  A steam dragon (D:8)
  8 water moccasins
  2 orc warriors (D:6)
  3 sky beasts
  3 black bears
  2 centaurs
  5 ogres
  7 bullfrogs
  A gnoll sergeant (D:8)
  2 scorpions
  8 wights
  8 hounds
  A bullfrog skeleton (D:6)
  10 orc priests
  8 orc wizards
  A centaur skeleton (D:4)
  An iguana (D:7)
  4 worker ants
  9 mummies
  A howler monkey skeleton (D:4)
  9 adders
  7 gnolls
  2 shadow imps
  2 ufetubi
  An ooze (D:3)
  An adder skeleton (D:4)
  2 worms (D:2)
  2 dart slugs
  4 leopard geckos
  36 orcs
  3 ball pythons
  4 giant cockroaches
  7 goblins
  8 hobgoblins
  5 jackals
  8 kobolds
  4 quokkas
  10 bats
  9 frilled lizards
  2 gnoll zombies (Ossuary)
  4 hobgoblin zombies (Ossuary)
  A jackal zombie (D:6)
  2 orc zombies (Ossuary)
  A quokka skeleton (D:4)
  9 rats
  A fulminant prism (D:8)
250 creatures vanquished.

Vanquished Creatures (others)
  48 fulminant prisms
  16 fungi
  10 plants
74 creatures vanquished.

Grand Total: 324 creatures vanquished

Notes
Turn   | Place    | Note
-------+----------+-------------------------------------------
     0 | D:1      | Grim the Deep Elf Conjurer began the quest for the Orb.
     0 | D:1      | Reached XP level 1. HP: 10/10 MP: 6/6
   156 | D:1      | Reached XP level 2. HP: 15/15 MP: 6/8
   205 | D:1      | Learned a level 2 spell: Searing Ray
   208 | D:1      | Reached skill level 5 in Conjurations
   566 | D:1      | Reached XP level 3. HP: 19/19 MP: 5/9
  1090 | D:2      | Reached skill level 6 in Conjurations
  1173 | D:2      | Found a faded altar of an unknown god.
  1190 | D:2      | Reached skill level 1 in Short Blades
  1190 | D:2      | Reached XP level 4. HP: 24/24 MP: 4/10
  1231 | D:2      | Noticed a bullfrog
  1237 | D:2      | Killed a bullfrog
  1237 | D:2      | Reached XP level 5. HP: 27/28 MP: 7/11
  1927 | D:3      | Noticed Grinder
  1934 | D:3      | Learned a level 4 spell: Fulminant Prism
  1942 | D:3      | Killed Grinder
  1942 | D:3      | Reached skill level 7 in Conjurations
  1942 | D:3      | Reached XP level 6. HP: 21/32 MP: 5/12
  2962 | D:4      | Reached skill level 1 in Hexes
  3231 | D:4      | Reached XP level 7. HP: 4/36 MP: 9/13
  3691 | D:4      | Reached skill level 8 in Conjurations
  4083 | D:4      | Reached skill level 5 in Hexes
  4298 | D:4      | Learned a level 3 spell: Dazzling Flash
  4340 | D:4      | Found an iron altar of Okawaru.
  4647 | D:5      | Entered Level 5 of the Dungeon
  4666 | D:5      | Found a staircase to the Ecumenical Temple.
  4677 | D:5      | Reached skill level 1 in Long Blades
  4706 | Temple   | Entered the Ecumenical Temple
  5005 | D:5      | Reached skill level 1 in Staves
  5059 | D:5      | Found a sand-covered staircase.
  5059 | D:5      | Noticed Sigmund
  5069 | D:5      | Killed Sigmund
  5069 | D:5      | Reached XP level 8. HP: 31/41 MP: 4/14
  5078 | Ossuary  | Entered an ossuary
  5529 | Ossuary  | Gained mutation: You expend magic power (3 MP) to
                  | strengthen your wands. [potion of mutation]
  5529 | Ossuary  | Gained mutation: You are partially covered in yellow
                  | scales. (AC +2) [potion of mutation]
  5529 | Ossuary  | Gained mutation: Your flesh is cold resistant. (rC+)
                  | [potion of mutation]
  5956 | D:5      | Found a radiant altar of Vehumet.
  6419 | D:6      | Reached skill level 9 in Conjurations
  6878 | D:6      | Reached skill level 5 in Staves
  7053 | D:6      | Reached XP level 9. HP: 43/45 MP: 5/15
  7133 | D:6      | Reached skill level 10 in Conjurations
  7467 | D:6      | Reached skill level 5 in Dodging
  7617 | D:6      | Found a bloodstained altar of Trog.
  7800 | D:7      | Found a white marble altar of Elyvilon.
  8224 | D:7      | Found a glowing silver altar of Zin.
  8373 | D:7      | Reached skill level 11 in Conjurations
  8597 | D:7      | Learned a level 4 spell: Iskenderun's Mystic Blast
  8874 | D:5      | Became a worshipper of Vehumet
  9419 | D:8      | Reached skill level 1 in Translocations
  9707 | D:8      | Noticed Gastronok
  9857 | D:8      | Reached XP level 10. HP: 50/50 MP: 8/16
  9873 | D:8      | Reached * piety under Vehumet
  9873 | D:8      | Offered knowledge of Sandblast by Vehumet.
 10061 | D:8      | Found a staircase to the Lair.
 10275 | Lair:1   | Entered Level 1 of the Lair of Beasts
 10516 | Lair:1   | Found a runed translucent door.
 10519 | Lair:1   | Noticed Ratroh's ghost (journeyman OpVM)
 10655 | Lair:1   | Noticed Harold
 10667 | Lair:1   | Reached skill level 1 in Fighting
 10669 | Lair:1   | Killed Harold
 10673 | Lair:1   | Noticed a black mamba
 10722 | Lair:1   | Reached skill level 12 in Conjurations
 11180 | Lair:1   | Killed a black mamba
 11467 | Lair:1   | Reached skill level 13 in Conjurations
 11567 | Lair:1   | Reached XP level 11. HP: 57/60 MP: 7/17
 11862 | Lair:2   | Noticed a boulder beetle
 12609 | Lair:2   | Slain by a boulder beetle

Illustrated notes

Levels and vault maps discovered:
D:1:      doesnt_arrival_eight_statues, layout_rooms,
          chequers_serial_rivers_micro_c
D:2:      layout_basic, chequers_ecumenical_altar_simple_redux
D:3:      layout_loops_ring, uniq_grinder
D:4:      layout_cave_pools, kennysheep_okawaru_gauntlet, st_stairs_10
D:5:      layout_basic, nicolae_overflow_hidden_temple,
          minmay_temple_entry_stoned_glass, gup_ossuary_entry_pyramid,
          uniq_sigmund
D:6:      layout_rooms, trog_ov_bears_minmay
D:7:      layout_rooms, overflow_temple_1_default, basic_altar
D:8:      layout_basic, erik_lair_dragon, hangedman_feature_mirror,
          uniq_gastronok
Temple:   dpeg_five_rooms_temple
Lair:1:   layout_cave_pods, hellmonk_ghost_happy_afterlife, uniq_harold
Lair:2:   dpeg_oklob_gauntlet, layout_loops_ring, shoals_dummy_entry,
          dummy_snake_entry

Skill      XL: |  1  2  3  4  5  6  7  8  9 10 11 |
---------------+----------------------------------+-----
Conjurations   | 5 6 7 8 9 11 13 | 13.6
Short Blades   | 1 2 3 |  3.7
Hexes          | 3 5 |  5.1
Long Blades    | 1 |  1.2
Staves         | 2 5 |  5.4
Dodging        | 3 7 |  7.8
Translocations | 4 |  4.8
Fighting       | 3 4 |  4.5
Stealth        | |  2.4
Spellcasting   | |  3.0

Action                   |  1- 3 |  4- 6 |  7- 9 | 10-12 || total
-------------------------+-------+-------+-------+-------++-------
Melee: Dagger            |     1 |       |       |       ||     1
       Short sword       |       |     6 |    17 |       ||    23
       Long sword        |       |       |     8 |       ||     8
       Quarterstaff      |       |       |    21 |    18 ||    39
Throw: Dart              |       |       |     2 |     2 ||     4
 Cast: Magic Dart        |    87 |    65 |   210 |    56 ||   418
       Searing Ray       |     2 |     7 |    30 |    29 ||    68
       Fulminant Prism   |       |       |    33 |    17 ||    50
       Dazzling Flash    |       |       |     6 |    10 ||    16
  Use: Scroll            |       |       |    13 |     3 ||    16
       Potion            |       |       |     3 |     5 ||     8
 Stab: Sleeping          |       |     1 |       |       ||     1
       Invisible         |       |       |     1 |     1 ||     2
Armor: Robe              |     1 |     6 |    18 |    17 ||    42
       Skin              |       |       |       |    34 ||    34
Dodge: Dodged            |     8 |    14 |    80 |    84 ||   186
       Rpst.: Long sword |       |       |     2 |       ||     2

Table legend: (Time is in decaauts)
 A = Elapsed time spent in this place.
 B = Non-inter-level travel time spent in this place.
 C = Inter-level travel time spent in this place.
 D = Time resting spent in this place.
 E = Time spent auto-exploring this place.
 F = Levels seen in this place.
 G = Mean time per level.
                   A        B        C        D        E       F      G
               +--------+--------+--------+--------+--------+-----+--------+
         Total |  12593 |  11863 |    730 |   5734 |   4418 |  12 | 1049.4 |
       Dungeon |   9522 |   8932 |    590 |   4274 |   3365 |   8 | 1190.2 |
        Temple |    257 |    193 |     64 |      0 |    184 |   1 |  257.0 |
          Lair |   2341 |   2266 |     75 |   1198 |    755 |   2 | 1170.5 |
       Ossuary |    471 |    471 |      0 |    262 |    114 |   1 |  471.0 |
               +--------+--------+--------+--------+--------+-----+--------+

Top non-repeatable levels by time:
  Lair:1: 1723 daAuts
     D:3: 1495 daAuts
     D:7: 1394 daAuts
     D:6: 1323 daAuts
     D:4: 1317 daAuts
     D:5: 1307 daAuts
     D:1: 958 daAuts
     D:2: 873 daAuts
     D:8: 852 daAuts
  Lair:2: 618 daAuts
 Ossuary: 471 daAuts
  Temple: 257 daAuts
